 Dungeon Crawl Stone Soup version 0.02-32-ge3bdf778cf (webtiles) character file.

Game seed: 209371646919294958, levelgen mode: deterministic

12 minicreteconcrete the Priest (level 2, 0/20 HPs) Hill Orc Priest. Began on Sept 3, 2020. Was a Believer of Beogh. Slain by a cinder newt (3 damage) ... on level 1 of the Dungeon. The game lasted 00:02:11 (194 turns).

minicreteconcrete the Priest (Hill Orc Priest)       Turns: 194, Time: 00:02:11

Health: 0/20       AC:  2    Str: 18    XL:     2 ^: 16
Magic:  5/5        EV: 12    Int: 10    God:    Beogh [2* [61]]
Gold:   17         SH:  0    Dex:  8    Spells: 1/1 levels left

rFire    . . .     Vision   .   h - +0 spear
rCold    . . .     Gourm    .   d - +0 club
rNeg     . . .     Faith    .   a - +0 robe
rPois    .         Spirit   .   (no helmet)
rElec    .         Reflect  .   (no cloak)
rCorr    .         Harm     .   (no gloves)
MR       .....                  (no boots)
Stlth    +.........             (no amulet)
HPRegen  0.16/turn              (no ring)
MPRegen  0.15/turn              (no ring)

@: hasted, very quick
A: no striking features
a: Smiting, Renounce Religion


You were on level 1 of the Dungeon.
You worshipped Beogh.
Beogh was pleased with you.
You were not hungry.

You visited 1 branch of the dungeon, and saw 1 of its levels.
You also visited: Temple.

You collected 17 gold pieces.

Inventory:

Weapons
 c - a +0 club
 d - a +0 club (weapon)
 h - a +0 spear (weapon)
Armour
 a - a +0 robe (worn)
Jewellery
 g - an uncursed amulet of harm
Comestibles
 b - a ration
 f - 5 chunks of flesh


   Skills:
 + Level 0.2 Fighting
 + Level 0.2(0.3) Polearms
 + Level 0.1(0.2) Maces & Staves
 + Level 1.6 Dodging
 + Level 1.6 Stealth
 - Level 3.5 Unarmed Combat
 + Level 5.1 Invocations


You had one spell level left.
You didn't know any spells.
Your spell library was empty.

Dungeon Overview and Level Annotations

Branches:
Dungeon (1/8)

Altars:


Message History

The cinder newt burns you!
The bat moves out of view.
You closely miss the cinder newt. You hit the cinder newt (1).
The cinder newt is heavily wounded. (5/11) HP The cinder newt barely misses you (0). x2; The cinder newt bites you (0).
The cinder newt burns you!
You are too injured to fight recklessly!
You are too injured to fight recklessly!
You barely miss the cinder newt. x2; The cinder newt bites you (0).
The cinder newt burns you! The cinder newt barely misses you (0).
You barely miss the cinder newt. You closely miss the cinder newt.
The cinder newt closely misses you (0). The cinder newt barely misses you (0).
The cinder newt closely misses you (0).
You barely miss the cinder newt. You hit the cinder newt (2).
The cinder newt is severely wounded. (3/11) HP The cinder newt bites you (1).
The cinder newt burns you!
* * * LOW HITPOINT WARNING * * *
The cinder newt barely misses you (0).
You feel yourself speed up. The cinder newt bites you (0).
The cinder newt burns you!
You die...

#.### .....b##########
.....gl@†......#
#####.#######..#########
.. ..................
######. ######...######...
#....# #..†# #... #.<..#
#...# #... #....##+##
##+## ##'#
##'###...##+###...### #...
#...'††.'....+...+....+...


You could see a cinder newt, a hobgoblin and a bat.

Vanquished Creatures
  5 bats (D:1)
  A giant cockroach (D:1)
  3 goblins (D:1)
  A kobold (D:1)
  2 rats (D:1)
12 creatures vanquished.

Notes
Turn   | Place    | Note
-------+----------+-------------------------------------------
     0 | Start Te | minicreteconcrete the Hill Orc Priest began the quest for
                  | the Orb.
     0 | Start Te | Reached XP level 1. HP: 14/14 MP: 3/3
     0 | Start Te | Found a sparkling altar of Nemelex Xobeh.
     1 | Start Te | Found a basalt altar of Yredelemnul.
     1 | Start Te | Found a white marble altar of Elyvilon.
     2 | Start Te | Found an iron altar of Okawaru.
     3 | Start Te | Became a worshipper of Beogh the Brigand
     3 | Start Te | Reached * piety under Beogh
     3 | Start Te | Reached ** piety under Beogh
     4 | Start Te | Found a blossoming altar of Fedhas.
     4 | Start Te | Found a glowing silver altar of Zin.
     5 | Start Te | Found a stormy altar of Qazlal.
     6 | Start Te | Found a glowing golden altar of the Shining One.
     6 | Start Te | Found an opulent altar of Gozag.
     7 | Start Te | Found a sacrificial altar of Ru.
     8 | Start Te | Found a faded altar of an unknown god.
     8 | Start Te | Found a hazy altar of Hepliaklqana.
    51 | D:1      | Reached skill level 5 in Invocations
   121 | D:1      | Reached XP level 2. HP: 20/20 MP: 5/5
   194 | D:1      | Slain by a cinder newt

Levels and vault maps discovered:
D:1:      arrival_zaba_pyramid, layout_loops_ring, kennysheep_another_room

Skill      XL: |  1 |
---------------+----+-----
Invocations    | 5 |  5.1
Fighting       | |  0.2
Polearms       | |  0.2
Maces & Staves | |  0.1
Dodging        | |  1.6
Stealth        | |  1.6
Unarmed Combat | |  3.5

Action                   || total
-------------------------++-------
Melee: Club              ||    41
       Unarmed           ||    11
       Spear             ||    24
  Use: Potion            ||     1
 Stab: Sleeping          ||     3
Armor: Robe              ||    10
Dodge: Dodged            ||    57
